 Dungeon Crawl Stone Soup version 0.29-a0-2-g12fcac58f8 (webtiles) character file.

Game seed: 5672607969143179908

130 HallandMoats the Skirmisher (level 5, -4/46 HPs)
             Began as a Ghoul Monk on Jan 27, 2022.
             Killed from afar by Ijyb (27 damage)
             ... with a bolt of acid
             ... on level 3 of the Dungeon.
             The game lasted 00:03:42 (3035 turns).

HallandMoats the Skirmisher (Ghoul Monk)            Turns: 3035, Time: 00:03:42

Health: -4/46      AC:  9    Str: 15      XL:     5   Next: 14%
Magic:  14/14      EV:  7    Int:  4 (5)  God:
Gold:   163        SH:  0    Dex: 13      Spells: 4/4 levels left

rFire   . . .      SeeInvis +     - Unarmed
rCold   + . .      Faith    .   (no shield)
rNeg    + + +      Spirit   .   e - +0 chain mail
rPois   ∞          Reflect  .   h - +0 helmet {SInv}
rElec   .          Harm     .   (no cloak)
rCorr   .          Rampage  .   (no gloves)
Will    .....                   (no boots)
Stlth   ..........              (no amulet)
HPRegen 0.00/turn               g - ring of magical power
MPRegen 0.14/turn               (no ring)

@: inhibited regen
A: claws 1, cold resistance 1, negative energy resistance 3, inhibited
regeneration, torment resistance 2
a: no special abilities


You were on level 3 of the Dungeon.
You visited 1 branch of the dungeon, and saw 3 of its levels.

You collected 163 gold pieces.

Inventory:

Hand Weapons
 k - the +5 hunting sling of the Fool {flame, rElec rC+}
   (You found it on level 3 of the Dungeon)

   Any ammunition fired from it burns those it strikes, dealing additional fire
   damage.
   rC:        It protects you from cold.
   rElec:     It insulates you from electricity.
Armour
 e - a +0 chain mail (worn)
 h - a +0 helmet of see invisible (worn)
Jewellery
 c - a +6 ring of intelligence
 g - a ring of magical power (left claw)
Wands
 j - a wand of polymorph (4)
Scrolls
 a - a scroll of fear {unknown}
 b - a scroll of holy word {unknown}
 d - 2 scrolls of fog {unknown}
 f - a scroll of identify {unknown}
 i - a scroll of noise {unknown}
 m - a scroll of torment {unknown}


   Skills:
 * Level 4.2 Fighting
 + Level 1.2 Armour
 + Level 3.1 Dodging
 - Level 2.1 Stealth
 * Level 4.1 Unarmed Combat
 * Level 2.4 Invocations


You had 4 spell levels left.
You didn't know any spells.
Your spell library contained the following spells:

 Spells                   Type           Power      Damage    Failure   Level
 Ensorcelled Hibernation  Hex/Ice        0%         N/A       100%        2
 Call Canine Familiar     Summ           0%         N/A       100%        3
 Ignite Poison            Fire/Tmut/Pois 0%         N/A       100%        3
 Mephitic Cloud           Conj/Pois/Air  0%         N/A       100%        3
 Portal Projectile        Hex/Tloc       0%         N/A       100%        3
 Leda's Liquefaction      Hex/Erth       0%         N/A       100%        4
 Borgnjor's Vile Clutch   Necr/Erth      0%         N/A       100%        5
 Freezing Cloud           Conj/Ice/Air   0%         6-21      100%        5
 Lee's Rapid Deconstruct  Erth           0%         3d5*      100%        5
 Discord                  Hex            0%         N/A       100%        8


Dungeon Overview and Level Annotations

Branches:
Dungeon (3/15)

Altars:
Fedhas
Hepliaklqana

Shops:
D:1 :

Annotations:
D:3 Ijyb


Innate Abilities, Weirdness & Mutations

You thrive by killing the living.
You are immune to poison.
You have sharp fingernails.
Your flesh is cold resistant. (rC+)
You are immune to negative energy. (rN+++)
You do not regenerate when monsters are visible.
You are immune to unholy pain and torment.


Message History

No target in view!
No target in view!
No target in view!
No target in view!
No target in view!
No target in view!
No target in view!
No target in view!
You now have 163 gold pieces (gained 12).
Ijyb the Twisted Goblin comes into view.
She is wielding a +0 club and carrying a wand of acid (14).
Ijyb shouts!
Ijyb is nearby!
Ijyb is nearby!
Ijyb is nearby!
Ijyb is nearby!
Ijyb zaps a wand.
The bolt of acid hits you!!
You completely miss Ijyb. Ijyb hits you with a +0 club.
You scratch Ijyb.
Ijyb is lightly wounded.
You scratch Ijyb.
Ijyb is lightly wounded.
Ijyb hits you with a +0 club.
You are too injured to fight recklessly!
You are too injured to fight recklessly!
You are too injured to fight recklessly!
You are too injured to fight recklessly!
You are too injured to fight recklessly!
You are too injured to fight recklessly!
It was a potion of mutation.
You feel extremely strange.
Your body decomposes!
You feel dopey. Ijyb completely misses you.
Sorry, you're not good enough to have a special ability.
Aiming: Polymorph
Press: ? - help, Shift-Dir - straight line, f - Ijyb
Aim: Ijyb, wielding a +0 club, wearing a +0 ring mail and carrying a wand of acid (13) (lightly wounded, will become a boggart, a centaur, or a frilled lizard, chance to affect: 57%) Ijyb resists with significant effort.
Ijyb zaps a wand.
The bolt of acid hits you!!
Ouch! That really hurt!
You die...

...#....#.#
####....#...
#.....#######
### #.......#
..# ###.#...#
#.# #....####
#.# #....#
#.# .#.###
#g# .....#
#@# .....#
#.# ..######
#.# ..#....#
#.# ###....#
#.# ..#....#
#.# ..#....#
#.# #.#....#
#.# #.#.†).#
#.#


You could see Ijyb.

Vanquished Creatures
  An orc wizard (D:2)
  Robin (D:3)
  An adder (D:2)
  2 worms (D:2)
  2 dart slugs
  4 orcs
  7 ball pythons
  5 endoplasms
  A giant cockroach (D:3)
  3 hobgoblins
  8 jackals (D:1)
  4 kobolds
  A quokka (D:2)
  5 bats
  2 frilled lizards
  17 goblins
  5 rats
69 creatures vanquished.

Notes
Turn   | Place    | Note
-------+----------+-------------------------------------------
     0 | D:1      | HallandMoats the Ghoul Monk began the quest for the Orb.
     0 | D:1      | Reached XP level 1. HP: 19/19 MP: 0/0
   406 | D:1      | Reached XP level 2. HP: 26/26 MP: 1/1
   521 | D:1      | Reached skill level 1 in Invocations
   546 | D:1      | HP: 1/26 [rat (2)]
   903 | D:1      | Found a faded altar of an unknown god.
  1024 | D:1      | Reached XP level 3. HP: 33/33 MP: 1/3
  1344 | D:1      | Found Yxaq's Book Boutique.
  1488 | D:2      | Found a hazy altar of Hepliaklqana.
  1668 | D:2      | Reached XP level 4. HP: 15/40 MP: 4/4
  2278 | D:2      | Got Sif Muna's Guide on the Rocks and Malediction
  2463 | D:3      | Noticed Robin
  2476 | D:3      | Reached skill level 1 in Armour
  2531 | D:3      | Killed Robin
  2532 | D:3      | Reached XP level 5. HP: 9/46 MP: 5/5
  2820 | D:3      | Identified the +5 hunting sling of the Fool {flame, rElec
                  | rC+}
  2875 | D:3      | Found a blossoming altar of Fedhas.
  3027 | D:3      | Noticed Ijyb
  3035 | D:3      | Killed from afar by Ijyb

Illustrated notes

Levels and vault maps discovered:
D:1:      dpeg_arrival_arbitrary_a, layout_loops_ring,
          chequers_ecumenical_altar_simple_redux, serial_shops, shop,
          kennysheep_doodads, minmay_misc_feat_iff
D:2:      kennysheep_big_flooded_room, layout_loops_cross, basic_altar
D:3:      layout_basic, fedhas_altar_3, hangedman_decor_push, uniq_robin,
          uniq_ijyb

Skill      XL: |  1  2  3  4 |
---------------+-------------+-----
Invocations    | 1 2 |  2.4
Fighting       | 4 |  4.2
Dodging        | 3 |  3.1
Unarmed Combat | 4 |  4.1
Armour         | 1 |  1.2
Stealth        | |  2.1

Action                   |  1- 3 |  4- 6 || total
-------------------------+-------+-------++-------
Melee: Unarmed           |   117 |   102 ||   219
       Punch             |     2 |     3 ||     5
Evoke: Wand              |       |     1 ||     1
  Use: Potion            |       |     1 ||     1
 Stab: Sleeping          |     3 |       ||     3
Armor: Robe              |    18 |       ||    18
       Chain mail        |    19 |    61 ||    80
Dodge: Dodged            |    64 |    33 ||    97

Table legend: (Time is in decaauts)
 A = Elapsed time spent in this place.
 B = Non-inter-level travel time spent in this place.
 C = Inter-level travel time spent in this place.
 D = Time resting spent in this place.
 E = Time spent auto-exploring this place.
 F = Levels seen in this place.
 G = Mean time per level.
                   A        B        C        D        E       F      G
               +--------+--------+--------+--------+--------+-----+--------+
         Total |   3032 |   2971 |     61 |      0 |   2450 |   3 | 1010.7 |
       Dungeon |   3032 |   2971 |     61 |      0 |   2450 |   3 | 1010.7 |
               +--------+--------+--------+--------+--------+-----+--------+

Top non-repeatable levels by time:
     D:1: 1482 daAuts
     D:2: 968 daAuts
     D:3: 580 daAuts
